[Event "*** Titled Tuesday 3|2 Blitz"]
[Site "Chess.com"]
[Date "2017.06.06"]
[Round "1"]
[White "madamDD"]
[Black "GianmarcoVaR"]
[Result "0-1"]
[WhiteElo "2107"]
[BlackElo "2443"]
[TimeControl "180+2"]
[EndTime "13:52:57 PDT"]
[Termination "GianmarcoVaR won by resignation"]

1. e4 c6 2. d4 d5 3. Nd2 dxe4 4.
Nxe4 Bf5 5. Ng3 Bg6 6. Nh3 e6 7. Bc4 Bd6 8. O-O Nf6 9. f4 Qc7 10. Kh1 O-O 11. f5 exf5 12. Nxf5 Bxh2 13. Nxg7 Kxg7 14.
Rf3 Nbd7 15. Bg5 Ne4 0-1

[Event "*** Titled Tuesday 3|2 Blitz"]
[Site "Chess.com"]
[Date "2017.06.06"]
[Round "1"]
[White "proxy6"]
[Black "PaulfromSPb"]
[Result "0-1"]
[WhiteElo "2297"]
[BlackElo "2570"]
[TimeControl "180+2"]
[EndTime "13:52:59 PDT"]
[Termination "PaulfromSPb won by resignation"]

1. e4 c5 2. Nf3 a6 3. d4 cxd4 4.
Nxd4 Nf6 5. Nc3 e5 6. Nf5 d5 7. Ng3 d4 8. Nb1 h6 9. Bd3 Nc6 10. O-O g5 11. c3 Bd6 12. Re1 Bg4 13. Qb3 Qd7 14. Nd2 O-O 15. Nc4 Bc7 16. f3 Be6 17. Qc2 b5 18. Nd2 Bb6 19. Kh1 dxc3 20. bxc3 Rac8 21. Bb2 Nb4 0-1

[Event "*** Titled Tuesday 3|2 Blitz"]
[Site "Chess.com"]
[Date "2017.06.06"]
[Round "1"]
[White "Margency"]
[Black "MFBerna"]
[Result "1-0"]
[WhiteElo "2541"]
[BlackElo "2270"]
[TimeControl "180+2"]
[EndTime "13:53:39 PDT"]
[Termination "Margency won by resignation"]

1. c4 c6 2. e4 d5 3. exd5 cxd5 4.
d4 Nf6 5. Nc3 Nc6 6. Bg5 e6 7.
Nf3 Be7 8. c5 Ne4 9. Bxe7 Qxe7 10.
Rc1 O-O 11. Bd3 f5 12. O-O Bd7 13. Bb5 Rac8 14. Bxc6 Bxc6 15. Ne5 f4 16. f3 Ng5 17. Re1 Rf5 18. Rc2 Rcf8 19. Rce2 Be8 20. b4 R8f6 21.
Ng4 Rg6 22. Qd3 Qf7 23. Ne5 Qf6 24. Nxg6 Bxg6 25. h4 Nf7 26. Rxe6 Re5 27. Re8+ 1-0

[Event "*** Titled Tuesday 3|2 Blitz"]
[Site "Chess.com"]
[Date "2017.06.06"]
[Round "1"]
[White "fpawn"]
[Black "Noukii"]
[Result "0-1"]
[WhiteElo "2313"]
[BlackElo "2623"]
[TimeControl "180+2"]
[EndTime "13:54:06 PDT"]
[Termination "Noukii won by resignation"]

1. e4 Nf6 2. e5 Nd5 3. d4 d6 4.
Nf3 g6 5. Be2 Bg7 6. c4 Nb6 7.
exd6 cxd6 8. O-O O-O 9. Be3 Nc6 10. Nc3 Bg4 11. b3 d5 12. c5 Nc8 13. h3 Bxf3 14. Bxf3 e6 15. Qd2 N8e7 16. g4 f5 17. Rad1 f4 18. Bxf4 Nxd4 19. Bg2 Nec6 20. Bd6 Nf3+ 21. Bxf3 Rxf3 22. Nxd5 exd5 23. Qxd5+ Rf7 24.
Rde1 Qf6 25. Re6 Qf3 26. Qxf3 Rxf3 27. Kg2 Rf7 28. Rfe1 Bf8 29. Re8 Rxe8 30. Rxe8 Kg7 31. a3 Bxd6 32. cxd6 Rd7 33. Rc8 Kf7 0-1

[Event "*** Titled Tuesday 3|2 Blitz"]
[Site "Chess.com"]
[Date "2017.06.06"]
[Round "1"]
[White "heartofatiger"]
[Black "GeorgMeier"]
[Result "0-1"]
[WhiteElo "2385"]
[BlackElo "2787"]
[TimeControl "180+2"]
[EndTime "13:54:22 PDT"]
[Termination "GeorgMeier won by resignation"]

1. d4 d5 2. c4 e6 3. Nc3 Nf6 4.
cxd5 exd5 5. Bg5 c6 6. Qc2 Be7 7. e3 Nbd7 8. Bd3 h6 9. Bf4 Nh5 10. Be5 Nxe5 11. dxe5 O-O 12. h3 g6 13. g4 Ng7 14.
O-O-O h5 15. f3 Qb6 16. Qf2 Bc5 17. Re1 d4 18. Ne4 dxe3 19. Nf6+ Kh8 20. Qh4 Bd4 21. Rh2 Qc5+ 22. Rc2 Qxe5 23. f4 Qxf6 0-1

[Event "*** Titled Tuesday 3|2 Blitz"]
[Site "Chess.com"]
[Date "2017.06.06"]
[Round "1"]
[White "Boryboy"]
[Black "RD4ever"]
[Result "0-1"]
[WhiteElo "2310"]
[BlackElo "2612"]
[TimeControl "180+2"]
[EndTime "13:54:32 PDT"]
[Termination "RD4ever won by resignation"]

1. e4 e6 2. d4 d5 3. e5 c5 4. c3 Nc6 5. g3 Nge7 6. Bh3 Qb6 7. Ne2 h5 8. O-O h4 9. g4 Bd7 10. Kh1 Rc8 11. f4 g6 12. a4 cxd4 13. cxd4 Na5 14. Be3 Qxb2 15. Nd2 Nc4 16. Nxc4 dxc4 17.
Rb1 Qa3 18. Qc1 Nd5 19. Qxa3 Bxa3 20. Bc1 Bxc1 21. Rfxc1 Bxa4 22. Rxb7 Bc6 0-1

[Event "*** Titled Tuesday 3|2 Blitz"]
[Site "Chess.com"]
[Date "2017.06.06"]
[Round "1"]
[White "northridgehawk"]
[Black "cukus"]
[Result "0-1"]
[WhiteElo "2096"]
[BlackElo "2438"]
[TimeControl "180+2"]
[EndTime "13:55:16 PDT"]
[Termination "cukus won by resignation"]

1. e4 c5 2. Nf3 d6 3. d4 cxd4 4. Nxd4 Nf6 5. Nc3 a6 6. h3 e6 7. g4 Be7 8. Bg2 Nfd7 9. Be3 Nc6 10. Qe2 O-O 11. O-O-O Nxd4 12. Bxd4 b5 13. f4 Bb7 14. Kb1 b4 15. Na4 Bc6 16. b3 Bxa4 17. bxa4 Qc7 18.
g5 e5 19. Bb2 a5 20. f5 Bxg5 21. Rhg1 Bf6 22. Qg4 Nc5 23. h4 Nxa4 24. h5 h6 25. Bf1 Rfc8 26. Bd3 Nxb2 27. Kxb2 a4 28. Rb1 Qc3+ 29.
Kc1 Qxd3 30. Rg2 Bg5+ 0-1

[Event "*** Titled Tuesday 3|2 Blitz"]
[Site "Chess.com"]
[Date "2017.06.06"]
[Round "1"]
[White "Rogue_King"]
[Black "Fins0905"]
[Result "0-1"]
[WhiteElo "2131"]
[BlackElo "2463"]
[TimeControl "180+2"]
[EndTime "13:55:28 PDT"]
[Termination "Fins0905 won by resignation"]

1. d4 d5 2. c4 c6 3. Nc3 Nf6 4. Nf3 dxc4 5. a4 Bf5 6. Ne5 Nbd7 7. Nxc4 Nb6 8. Ne5 a5 9. g3 e6 10. Bg2 Bb4 11. O-O O-O 12. Bg5 h6 13. e4 hxg5 14.
exf5 exf5 15. Qd2 Ne4 16. Bxe4 fxe4 17. Qe3 Nd5 18. Qxe4 Bxc3 19. bxc3 Nxc3 20. Qd3 Qxd4 21. Qf5 Qe4 22. Qxe4 Nxe4 23. Rab1 Ra7 24. Rfd1 Nc3 0-1

[Event "*** Titled Tuesday 3|2 Blitz"]
[Site "Chess.com"]
[Date "2017.06.06"]
[Round "1"]
[White "Hikaru"]
[Black "ZEN-22"]
[Result "1-0"]
[WhiteElo "2912"]
[BlackElo "2389"]
[TimeControl "180+2"]
[EndTime "13:55:38 PDT"]
[Termination "Hikaru won by checkmate"]

1. b3 c5 2. Bb2 Nc6 3. e3 e5 4. Bb5 Qe7 5. Ne2 Nf6 6. O-O a6 7. Bxc6 bxc6 8. f4 e4 9. Ng3 d6 10. Bxf6 Qxf6 11. Nc3 d5 12. Na4 Rb8 13. c4 h5 14. h3 h4 15. Ne2 d4 16. d3 Bf5 17.
dxe4 Bxe4 18. exd4 Rd8 19. Nec3 Bf5 20. d5 Be7 21. Qf3 O-O 22. Rad1 cxd5 23. Nxd5 Rxd5 24. Rxd5 Qg6 25. Re1 Bf6 26. Nxc5 a5 27. Nd7 Bxd7 28. Rxd7 Qc2 29. Re2 Qc1+ 30. Kh2 Qa1 31. Red2 g6 32. R7d5 Kg7 33. Re2 Bd4 34. Rxd4 Qxd4 35. Qe3 Qd8 36. c5 Qd1 37. c6 Rc8 38. Qc3+ Kh7 39. Re7 Qd5 40. Qf6 Rxc6 41. Rxf7+ Kh6 42. Qh8# 1-0

[Event "*** Titled Tuesday 3|2 Blitz"]
[Site "Chess.com"]
[Date "2017.06.06"]
[Round "1"]
[White "AllStarShark"]
[Black "wonderfultime"]
[Result "0-1"]
[WhiteElo "2315"]
[BlackElo "2639"]
[TimeControl "180+2"]
[EndTime "13:55:42 PDT"]
[Termination "wonderfultime won by resignation"]

1. d4 Nf6 2. Bg5 e6 3. e3 b6 4. c3 Bb7 5. Nd2 d6 6. Ngf3 Nbd7 7. Bd3 h6 8. Bh4 Be7 9. O-O O-O 10. e4 Nh5 11.
Bxe7 Qxe7 12. Qe2 Nf4 13. Qe3 e5 14. g3 Nxd3 15. Qxd3 Rfe8 16. d5 a5 17. Rfe1 Rf8 18. Nh4 g6 19. c4 Nc5 20. Qe3 Kg7 21. Nb3 Nd7 22. f4 exf4 23. Qxf4 Ne5 24. Rf1 Bc8 25.
Nd4 Bh3 26. Rac1 Nd3 27. Qf3 Nxc1 28. g4 Qxh4 29. Rxc1 Qxg4+ 0-1

[Event "*** Titled Tuesday 3|2 Blitz"]
[Site "Chess.com"]
[Date "2017.06.06"]
[Round "1"]
[White "TomsKantans"]
[Black "AndrewDGreen"]
[Result "1-0"]
[WhiteElo "2497"]
[BlackElo "2191"]
[TimeControl "180+2"]
[EndTime "13:55:42 PDT"]
[Termination "TomsKantans won by resignation"]

1. e4 Nf6 2. e5 Nd5 3. d4 d6 4. c4 Nb6 5. exd6 exd6 6. Nc3 Be7 7. h3 O-O 8. Nf3 Bf5 9. Be2 h6 10. O-O Bf6 11. Bf4 Nc6 12. Re1 Re8 13. Qd2 d5 14.
c5 Nc8 15. Bb5 N8e7 16. Re2 Ng6 17. Rxe8+ Qxe8 18. Bxc7 Qd7 19. Bg3 a6 20. Ba4 Be4 21.
Nh2 Bxd4 22. Qxd4 Nxd4 23. Bxd7 Nf5 24. Bxf5 Bxf5 25. Nxd5 Rd8 26. Ne3 Be4 27. Bd6 f5 28. Nf3 f4 29. Nc4 Bxf3 30. gxf3 Kf7 31. Re1 Kf6 32. Kf1 Kf5 33. b4 Rd7 34. Re4 Rf7 35.
Ke2 Kg5 36. a4 h5 37. b5 axb5 38. axb5 Kh4 39. c6 bxc6 40. bxc6 Kxh3 41. c7 1-0

[Event "*** Titled Tuesday 3|2 Blitz"]
[Site "Chess.com"]
[Date "2017.06.06"]
[Round "1"]
[White "penguingm1"]
[Black "Rock700chess"]
[Result "1-0"]
[WhiteElo "2569"]
[BlackElo "2295"]
[TimeControl "180+2"]
[EndTime "13:55:46 PDT"]
[Termination "penguingm1 won by resignation"]

1. d4 Nf6 2. c4 e6 3. Nc3 Bb4 4.
Qc2 b6 5. e4 c5 6. d5 Qe7 7. Ne2 exd5 8. exd5 Ne4 9. Be3 O-O 10.
O-O-O Nxc3 11. Nxc3 d6 12. Bd3 h6 13. Rhe1 Qf6 14.
Ne4 Qd8 15. Re2 Bf5 16. Nxc5 Bxc5 17. Bxf5 Nd7 18. Kb1 Bxe3 19. Rxe3 Nc5 20. Rde1 b5 21. cxb5 Rb8 22. Bd3 Qg5 23. Rg3 Qxd5 24. Bc4 Qd4 25. Rd1 Qf6 26. a3 Rfe8 27. Rf3 Qe7 28. Rxf7 Qxf7 29.
Bxf7+ Kxf7 30. Rxd6 1-0

[Event "*** Titled Tuesday 3|2 Blitz"]
[Site "Chess.com"]
[Date "2017.06.06"]
[Round "1"]
[White "amurdercastle"]
[Black "Elshan1985"]
[Result "0-1"]
[WhiteElo "2286"]
[BlackElo "2555"]
[TimeControl "180+2"]
[EndTime "13:55:49 PDT"]
[Termination "Elshan1985 won by resignation"]

1. d4 Nf6 2. c4 e6 3. Nf3 d5 4. g3 dxc4 5. Qa4+ Nbd7 6. Bg2 a6 7.
Qxc4 b5 8. Qc6 Rb8 9. Bf4 Bb4+ 10. Nbd2 Bb7 11. Qxc7 Qxc7 12. Bxc7 Rc8 13. Bf4 Rc2 14. a3 Bxd2+ 15. Bxd2 Rxb2 16. Rc1 O-O 17. Bb4 Rd8 18. e3 e5 19. O-O exd4 20. Nxd4 Bxg2 21. Kxg2 Ne5 22.
Be7 Re8 23. Bxf6 gxf6 24. Nc6 Nc4 25. Kf3 Nd2+ 26. Kg4 Nxf1 27. Rxf1 Ra2 28. h4 Rxa3 29. h5 Ra4+ 30. Nd4 Kg7 31. Rc1 Re4+ 32. f4 Rexd4 33.
exd4 Rxd4 34. Rc6 a5 35. Kf5 Rd5+ 36. Kg4 a4 37. Ra6 h6 38. Ra5 f5+ 39. Kh4 Rd1 40.
Kh3 Rb1 41. g4 Rb3+ 42. Kh4 fxg4 43. Kxg4 a3 44. Kf5 b4 45. Ke4 Rb2 46. Kd3 a2 47. f5 0-1

[Event "*** Titled Tuesday 3|2 Blitz"]
[Site "Chess.com"]
[Date "2017.06.06"]
[Round "1"]
[White "igorkovalenko"]
[Black "kikydu96"]
[Result "1-0"]
[WhiteElo "2637"]
[BlackElo "2314"]
[TimeControl "180+2"]
[EndTime "13:55:53 PDT"]
[Termination "igorkovalenko won by resignation"]

1. e4 e5 2. Nf3 Nc6 3. Bb5 Nf6 4. O-O Nxe4 5. d4 Nd6 6. Bxc6 dxc6 7. dxe5 Nf5 8.
Qxd8+ Kxd8 9. Nc3 Bd7 10. h3 h6 11. Rd1 Kc8 12. g4 Ne7 13. Kg2 c5 14. Kg3 b6 15.
Be3 Ng6 16. Nd5 Be6 17. c4 h5 18.
b3 c6 19. Nf4 Nxf4 20. Bxf4 hxg4 21. hxg4 Be7 22. Bg5 Bd8 23. Bxd8 Rxd8 24. Ng5 Rd4 25. f4 Kc7 26. f5 Bd7 27. Nxf7 g6 28. e6 gxf5 29. Rxd4 Bxe6 30. Ng5 cxd4 31. Nxe6+ Kd6 32. gxf5 Ke5 33. Re1+ Kxf5 34. Nxd4+ Kf6 35. Re6+ 1-0

[Event "*** Titled Tuesday 3|2 Blitz"]
[Site "Chess.com"]
[Date "2017.06.06"]
[Round "1"]
[White "GameOverBro"]
[Black "Spinaltap"]
[Result "1-0"]
[WhiteElo "2245"]
[BlackElo "2502"]
[TimeControl "180+2"]
[EndTime "13:56:11 PDT"]
[Termination "GameOverBro won by resignation"]

1. e4 c6 2. Nc3 d5 3. Nf3 Bg4 4.
h3 Bxf3 5. Qxf3 Nf6 6. d3 e6 7.
Bd2 Bb4 8. O-O-O d4 9. Ne2 Bxd2+ 10. Rxd2 c5 11. Kb1 Qa5 12. Rd1 Nc6 13. Nc1 O-O 14.
g4 Nd7 15. g5 b5 16. h4 c4 17. h5 c3 18. Nb3 Qa4 19. bxc3 dxc3 20. d4 Nb4 21. Qxc3 Qxa2+ 22. Kc1 Rfc8 23. Nc5 Nxc5 24. dxc5 Na6 25. h6 f6 26. gxf6 Rxc5 27. f7+ Kxf7 28.
Qxg7+ Ke8 29. Bxb5+ Rxb5 30. Qd7+ Kf8 31. Qxb5 Qa1+ 32.
Qb1 Qa3+ 33. Qb2 Qc5 34. Qg7+ Ke8 35. Qg8+ Ke7 36. Qxa8 Nb4 37. Qb7+ 1-0

[Event "*** Titled Tuesday 3|2 Blitz"]
[Site "Chess.com"]
[Date "2017.06.06"]
[Round "1"]
[White "Vamostodorecto"]
[Black "LittlePeasant"]
[Result "0-1"]
[WhiteElo "2321"]
[BlackElo "2644"]
[TimeControl "180+2"]
[EndTime "13:56:15 PDT"]
[Termination "LittlePeasant won by resignation"]

1. d4 Nf6 2. c4 c5 3. d5 b5 4. cxb5 a6 5. Nc3 axb5 6. e4 Qa5 7.
f3 b4 8. Nb5 Ba6 9. a4 d6 10. b3 g6 11. Bb2 Bg7 12. Bc4 O-O 13. Qe2 Nbd7 14. Nh3 Nb6 15. Bd3 Rac8 16. O-O Bb7 17.
Rac1 Qa8 18. Nf2 Rfd8 19. a5 Nbd7 20. Ra1 Ba6 21. Bc4 Nb8 22. f4 Qb7 23. Rfd1 Nh5 24.
Bxg7 Nxg7 25. g4 Ne8 26. e5 dxe5 27. fxe5 Bxb5 28. Bxb5 Rxd5 29. Bc4 Rxd1+ 30. Rxd1 Nc6 31. Ba6 Qc7 32. Bxc8 Qxc8 33. Qb5 Nd4 34. Qc4 Qa8 35. Rxd4 cxd4 36. Qxb4 Nc7 37. Qxe7 Nd5 38. e6 Nxe7 0-1

[Event "*** Titled Tuesday 3|2 Blitz"]
[Site "Chess.com"]
[Date "2017.06.06"]
[Round "1"]
[White "josiwales"]
[Black "joppie2"]
[Result "1-0"]
[WhiteElo "2331"]
[BlackElo "2621"]
[TimeControl "180+2"]
[EndTime "13:56:15 PDT"]
[Termination "josiwales won by checkmate"]

1. e4 e5 2. Nf3 Nc6 3. Bc4 Bc5 4. O-O Nf6 5. d4 Bxd4 6. Nxd4 Nxd4 7. f4 d6 8. fxe5 dxe5 9. Bg5 Be6 10. Na3 a6 11. c3 Bxc4 12. Nxc4 Ne6 13. Bxf6 gxf6 14. Qxd8+ Rxd8 15.
Rxf6 Ke7 16. Raf1 Nf4 17. Rf5 f6 18. g3 Rhg8 19. Kh1 Ne6 20. Rxf6 Ng5 21. R6f5 h6 22. Rxe5+ Ne6 23. Ne3 Rd2 24. Nf5+ Kf6 25. Rd5 Rd8 26. Nd6+ Ke7 27. Rf7# 1-0

[Event "*** Titled Tuesday 3|2 Blitz"]
[Site "Chess.com"]
[Date "2017.06.06"]
[Round "1"]
[White "Saitama_Hero"]
[Black "XDPS"]
[Result "0-1"]
[WhiteElo "2223"]
[BlackElo "2521"]
[TimeControl "180+2"]
[EndTime "13:56:18 PDT"]
[Termination "XDPS won by resignation"]

1. d4 d5 2. c4 c6 3. cxd5 cxd5 4.
Nc3 Nf6 5. f3 Nc6 6. e4 e6 7. e5 Nd7 8. f4 Nb6 9. Nf3 Bd7 10. Bd3 g6 11. O-O a6 12. Be3 Na5 13. b3 Rc8 14. Ne2 Nc6 15. a3 a5 16. g4 a4 17. f5 axb3 18. fxe6 Bxe6 19. Ng5 Bh6 20. Qd2 O-O 21. Rf6 Bg7 22. Raf1 Nd7 23. R6f3 Bxg4 24. Rg3 Bxe2 25. Qxe2 Ndxe5 26. dxe5 Nxe5 27. Bb1 d4 28.
Bf4 Nc4 29. Nxh7 Kxh7 30. Qh5+ Kg8 31. Rxg6 fxg6 32. Bxg6 Rf6 33. Re1 Rxg6+ 34. Qxg6 Qf6 35. Re8+ Rxe8 36. Qxe8+ Bf8 0-1

[Event "*** Titled Tuesday 3|2 Blitz"]
[Site "Chess.com"]
[Date "2017.06.06"]
[Round "1"]
[White "swayamsm"]
[Black "SmarterChess"]
[Result "1-0"]
[WhiteElo "2448"]
[BlackElo "2109"]
[TimeControl "180+2"]
[EndTime "13:56:20 PDT"]
[Termination "swayamsm won by resignation"]

1. d4 d5 2. c4 c6 3. Nc3 Nf6 4. Nf3 dxc4 5. a4 Bf5 6. Ne5 Nbd7 7.
Nxc4 e6 8. g3 Nb6 9. Ne5 Bd6 10.
a5 Nbd5 11. a6 Nxc3 12. bxc3 bxa6 13. Nxc6 Qc7 14. Bg2 Ne4 15. Rxa6 O-O 16. O-O Nxc3 17. Qe1 Nd5 18. e4 Qb7 19. Ra5 Qxc6 20. exd5 Qb6 21. dxe6 Bb4 22. Bd2 Qxa5 23. Bxb4 Qb5 24. exf7+ Kh8 25.
Bxa8 Rxa8 26. Qe7 1-0

[Event "*** Titled Tuesday 3|2 Blitz"]
[Site "Chess.com"]
[Date "2017.06.06"]
[Round "1"]
[White "CM_Perligero"]
[Black "NTBT_DHS"]
[Result "0-1"]
[WhiteElo "2052"]
[BlackElo "2434"]
[TimeControl "180+2"]
[EndTime "13:56:22 PDT"]
[Termination "NTBT_DHS won by resignation"]

1. d4 Nf6 2. c4 g6 3. Nc3 Bg7 4.
e4 d6 5. Nf3 O-O 6. Bd3 c5 7. d5 a6 8. a4 e6 9. a5 exd5 10.
cxd5 Bg4 11. h3 Bxf3 12. Qxf3 Nbd7 13. Qe2 Re8 14. O-O Qc7 15. f4 Nxe4 16. Bxe4 f5 17.
Re1 Bxc3 18. bxc3 Rxe4 19. Qf2 Rae8 20. Bb2 c4 21. Ba3 Nf6 22. Red1 Nh5 23. g3 Re2 24. Qd4 Nxg3 25. Qf6 Ne4 26. Qd4 Qd8 27. Rf1 Qh4 28.
Rf3 Nd2 0-1

[Event "*** Titled Tuesday 3|2 Blitz"]
[Site "Chess.com"]
[Date "2017.06.06"]
[Round "1"]
[White "Rodalquilar"]
[Black "Frolik67"]
[Result "0-1"]
[WhiteElo "2529"]
[BlackElo "2300"]
[TimeControl "180+2"]
[EndTime "13:56:26 PDT"]
[Termination "Frolik67 won on time"]

1. d4 e6 2. Bf4 d5 3. e3 f5 4. c4 Nf6 5. Nc3 c6 6. Nf3 Be7 7. Bd3 O-O 8. Qc2 Ne4 9. h3 b6 10. g4 Nd7 11. gxf5 exf5 12. cxd5 cxd5 13. Nxd5 Bb7 14.
Bxe4 fxe4 15. Qxe4 Bb4+ 16. Ke2 Nc5 17. dxc5 Qxd5 18.
Qxd5+ Bxd5 19. Rhc1 Bxc5 20. Ne5 Rae8 21. Nd3 Be7 22.
Rc7 a5 23. Rg1 Bf6 24. Be5 Rxe5 25. Nxe5 Bxe5 26. Rd7 Bxa2 27. Rg5 Bc4+ 28. Kd2 Bxb2 29. Kc2 Bf6 30. Rg2 a4 31. Ra7 b5 32. e4 Bb3+ 33. Kd3 Rd8+ 34. Ke2 Bd4 35. f4 Bxa7 0-1

[Event "*** Titled Tuesday 3|2 Blitz"]
[Site "Chess.com"]
[Date "2017.06.06"]
[Round "1"]
[White "H16"]
[Black "LaStreetCmaMaison"]
[Result "1-0"]
[WhiteElo "2246"]
[BlackElo "2488"]
[TimeControl "180+2"]
[EndTime "13:56:26 PDT"]
[Termination "H16 won by checkmate"]

1. d4 Nc6 2. c4 e5 3. Nf3 e4 4.
Nfd2 f5 5. e3 Nf6 6. Nc3 Be7 7.
f3 O-O 8. Be2 exf3 9. Bxf3 Bb4 10.
O-O Qe7 11. Nd5 Nxd5 12. Bxd5+ Kh8 13. Nf3 b6 14. c5 Ba6 15. Rf2 bxc5 16. a3 cxd4 17.
axb4 dxe3 18. Bxe3 Qxe3 19. Rxa6 Nxb4 20. Ra3 Qe7 21. Bxa8 Rxa8 22. Qd4 c5 23. Qe5 Qf8 24. Ng5 Re8 25. Rxf5 Qg8 26. Nf7+ Qxf7 27. Rxf7 Rxe5 28. Rf8# 1-0

[Event "*** Titled Tuesday 3|2 Blitz"]
[Site "Chess.com"]
[Date "2017.06.06"]
[Round "1"]
[White "Tocras"]
[Black "silverback96"]
[Result "0-1"]
[WhiteElo "2401"]
[BlackElo "2112"]
[TimeControl "180+2"]
[EndTime "13:56:28 PDT"]
[Termination "silverback96 won by checkmate"]

1. e4 e6 2. d4 d5 3. Nd2 Nf6 4. e5 Nfd7 5. Bd3 c5 6. c3 Nc6 7. Ne2 cxd4 8. cxd4 f6 9. exf6 Nxf6 10.
O-O Bd6 11. Nf3 O-O 12. Bf4 Bxf4 13. Nxf4 Ne4 14. Ne2 Rxf3 15. gxf3 Ng5 16. f4 Nh3+ 17. Kh1 Qh4 18. Ng3 Nxf4 19. Bc2 e5 20. dxe5 Bh3 21. Rg1 Nxe5 22. Bf5 Rf8 23. Bxh3 Nxh3 24. Qxd5+ Kh8 25. Qxe5 Nxf2+ 26. Kg2 Qh3# 0-1

[Event "*** Titled Tuesday 3|2 Blitz"]
[Site "Chess.com"]
[Date "2017.06.06"]
[Round "1"]
[White "nurmiTV"]
[Black "viggi38"]
[Result "1-0"]
[WhiteElo "2457"]
[BlackElo "2141"]
[TimeControl "180+2"]
[EndTime "13:56:29 PDT"]
[Termination "nurmiTV won on time"]

1. Nf3 e6 2. g3 f5 3. Bg2 Nf6 4. c4 Be7 5. Nc3 O-O 6. O-O d6 7. Rb1 e5 8. d3 Qe8 9. Nd2 c6 10. b4 Qh5 11. e3 Qh6 12. b5 f4 13. exf4 Bh3 14. f3 exf4 15. Nde4 g5 16. bxc6 Nxc6 17. Rxb7 Bxg2 18. Kxg2 Rab8 19. Rxb8 Rxb8 20. h4 1-0

[Event "*** Titled Tuesday 3|2 Blitz"]
[Site "Chess.com"]
[Date "2017.06.06"]
[Round "1"]
[White "Ar4uha"]
[Black "metalbattler"]
[Result "0-1"]
[WhiteElo "2408"]
[BlackElo "2037"]
[TimeControl "180+2"]
[EndTime "13:56:29 PDT"]
[Termination "metalbattler won by resignation"]

1. e4 e5 2. Nf3 Nc6 3. d4 exd4 4.
Nxd4 Bb4+ 5. c3 Bc5 6. Be3 Bb6 7. Nf5 d6 8. Nxg7+ Kf8 9. Bxb6 axb6 10. Nf5 Bxf5 11.
exf5 Qg5 12. g3 Re8+ 13. Be2 h5 14. h4 Qxf5 15. O-O Nf6 16. Nd2 Ne5 17. Nc4 Qh3 18. Nxe5 Rxe5 19. Bf3 Ng4 20. Bxg4 hxg4 21. Qd4 Reh5 22. Qe4 Re5 23. Qf4 Rhh5 24. Rae1 Ref5 25.
Qe4 d5 26. Qe7+ Kg7 27. Qxc7 Rf3 28. Re3 Rhf5 29. Rxf3 gxf3 0-1

[Event "*** Titled Tuesday 3|2 Blitz"]
[Site "Chess.com"]
[Date "2017.06.06"]
[Round "1"]
[White "TregubovP"]
[Black "WinnieTPooh"]
[Result "1-0"]
[WhiteElo "2418"]
[BlackElo "1934"]
[TimeControl "180+2"]
[EndTime "13:56:33 PDT"]
[Termination "TregubovP won by resignation"]

1. d4 Nf6 2. c4 g6 3. Nc3 Bg7 4.
e4 O-O 5. Bg5 d6 6. Qd2 c5 7. d5 e6 8. Bd3 a6 9. a4 exd5 10.
Nxd5 Nbd7 11. Nf3 Re8 12. O-O Rb8 13. Rfe1 Nb6 14. h3 Nbxd5 15. exd5 Bd7 16. b3 b5 17. axb5 axb5 18. Qf4 bxc4 19. bxc4 Rb3 20. Bf1 Rb6 21. Rxe8+ Bxe8 22. Re1 Bd7 23. Nd2 Bf5 24. g4 Bc2 25. Rc1 Ba4 26. Ne4 Nxd5 27. cxd5 Qb8 28. Nf6+ Kh8 29. Qxa4 1-0

[Event "*** Titled Tuesday 3|2 Blitz"]
[Site "Chess.com"]
[Date "2017.06.06"]
[Round "1"]
[White "sergiochess83"]
[Black "catalin009"]
[Result "1-0"]
[WhiteElo "2629"]
[BlackElo "2313"]
[TimeControl "180+2"]
[EndTime "13:56:35 PDT"]
[Termination "sergiochess83 won by resignation"]

1. e4 c5 2. Nf3 e6 3. d4 cxd4 4.
Nxd4 a6 5. Bd3 Qc7 6. O-O Nf6 7. Qe2 d6 8. c4 g6 9. Nc3 Bg7 10. Nf3 O-O 11. Rd1 Nc6 12. h3 Nd7 13. Be3 Bxc3 14. bxc3 b6 15. Nh2 e5 16. Bh6 Re8 17. Ng4 f6 18. Rd2 Nd8 19. Rad1 Nf7 20. c5 d5 21.
exd5 f5 22. d6 Qxc5 23. Be3 Qa3 24. Bc4 fxg4 25. Qxg4 Nf6 26. Qf3 Bf5 27. d7 Red8 28. g4 Qxc3 29. Bxf7+ Kxf7 30. gxf5 gxf5 31. Qxf5 Rg8+ 32.
Bg5 Qc6 33. d8=Q Raxd8 34. Rxd8 Rxd8 35. Rxd8 1-0

[Event "*** Titled Tuesday 3|2 Blitz"]
[Site "Chess.com"]
[Date "2017.06.06"]
[Round "1"]
[White "macko06"]
[Black "jcibarra"]
[Result "0-1"]
[WhiteElo "2328"]
[BlackElo "2656"]
[TimeControl "180+2"]
[EndTime "13:56:41 PDT"]
[Termination "jcibarra won by resignation"]

1. d4 Nf6 2. Bf4 d6 3. Nf3 g6 4. e3 Bg7 5. h3 O-O 6. Be2 c5 7. c3 Be6 8. Nbd2 Qb6 9. O-O Qxb2 10.
Rb1 Qxc3 11. Rxb7 Nd5 12. Bg3 Qa5 13. Rb5 Qd8 14. Qc2 Bd7 15. Rbb1 Nc6 16. dxc5 Nc3 17. Rbe1 Nb4 18. Qb3 dxc5 19. a3 Ba4 20. Qc4 Bb5 21. Qh4 Nxe2+ 22. Rxe2 Bxe2 23. axb4 Bxf1 24. Nxf1 cxb4 25.
Qxb4 a5 26. Qa4 Qe8 27. Qa2 a4 28. N1d2 a3 29. Nc4 Qa4 30. Be5 Bxe5 31. Ncxe5 Rab8 0-1

[Event "*** Titled Tuesday 3|2 Blitz"]
[Site "Chess.com"]
[Date "2017.06.06"]
[Round "1"]
[White "Federtiu"]
[Black "Badouuu"]
[Result "1-0"]
[WhiteElo "2419"]
[BlackElo "2017"]
[TimeControl "180+2"]
[EndTime "13:56:42 PDT"]
[Termination "Federtiu won by resignation"]

1. e4 c5 2. Nf3 Nc6 3. d4 cxd4 4.
Nxd4 e5 5. Nb5 d6 6. N1c3 a6 7. Na3 b5 8. Nd5 Nge7 9. c4 Nd4 10. Nc2 Nxd5 11. cxd5 g6 12. Nxd4 exd4 13. Qxd4 Rg8 14. Be3 Bg7 15. Qd2 Qf6 16. O-O-O Bd7 17. Kb1 Rc8 18.
f4 Qe7 19. Bd3 Kf8 20. Rhe1 Qh4 21. g3 Qd8 22. Rc1 f6 23. Qb4 Kf7 24. Qxd6 Bf8 25.
Qb6 Qe7 26. Rxc8 Bxc8 27. Rc1 Bd7 28. Bd4 Bg7 29. Rc7 Qd8 30. Qb7 Ke8 31. Bb6 g5 32. Be2 Bf8 33. Bh5+ Rg6 34. f5 Qe7 35. d6 Qxd6 36.
Rxd7 Qxd7 37. Qxd7+ Kxd7 38. fxg6 hxg6 39. Bxg6 Kc6 40.
Be3 1-0

[Event "*** Titled Tuesday 3|2 Blitz"]
[Site "Chess.com"]
[Date "2017.06.06"]
[Round "1"]
[White "hassler2"]
[Black "Indianlad"]
[Result "0-1"]
[WhiteElo "2301"]
[BlackElo "2590"]
[TimeControl "180+2"]
[EndTime "13:57:02 PDT"]
[Termination "Indianlad won by resignation"]

1. e4 c5 2. Nf3 d6 3. d4 cxd4 4.
Nxd4 Nf6 5. Nc3 Bd7 6. Be3 Ng4 7. Bg5 h6 8. Bh4 g5 9. Bg3 Nc6 10. h3 Nge5 11. Nxc6 bxc6 12. Bxe5 dxe5 13. Bc4 Bg7 14. Qf3 O-O 15. O-O-O Qc7 16. Bb3 Rab8 17. h4 g4 18. Qe3 a5 19. Qc5 Be6 20. Bxe6 fxe6 21. Rd2 Rb4 22. Rhd1 Rd4 23. Ne2 Qd6 24. Qxa5 c5 25. Nxd4 exd4 26. Kb1 Rb8 27. Qa3 Qc6 28. f3 Ra8 29. Qb3 Be5 30. Qc4 Ra4 31. Qb3 c4 32. Qxa4 Qxa4 33. f4 c3 34. bxc3 dxc3 35. Rd8+ Kg7 36.
Ka1 Qxc2 0-1

[Event "*** Titled Tuesday 3|2 Blitz"]
[Site "Chess.com"]
[Date "2017.06.06"]
[Round "1"]
[White "TamNguyen2"]
[Black "x-3738459472"]
[Result "0-1"]
[WhiteElo "2117"]
[BlackElo "2447"]
[TimeControl "180+2"]
[EndTime "13:57:08 PDT"]
[Termination "x-3738459472 won on time"]

1. d4 Nf6 2. c4 c5 3. Nf3 g6 4. g3 Bg7 5. Bg2 O-O 6. O-O d6 7.
Nc3 Nc6 8. d5 Na5 9. Nd2 a6 10.
Rb1 Bd7 11. a3 b5 12. cxb5 axb5 13. b4 cxb4 14. Rxb4 Rb8 15. Nb3 Nc4 16. Nd4 Ng4 17. Ncxb5 Na5 18. Nc6 Bxc6 19. dxc6 Qc8 20. c7 Rxb5 21. Rxb5 Qxc7 22. Qa4 Nc4 23. Rb4 Rc8 24. Bh3 h5 25. Bg5 Nce5 26. Rc1 Qd8 27. Rxc8 Qxc8 28. f3 Qc5+ 29. Rd4 Nxf3+ 30. exf3 Bxd4+ 31. Kf1 Nf6 32. Qa8+ Kg7 0-1